Russo, neutral female human Tourist ---- |..| ---------------- ------..| ----- |...[[...).[)@.| ----..|...-- |...|---- |...-----..---u- --......[<------..||..| |...| ----|.... |..............|..--..| ---.--- --... --.......----........-- |...| --. |.....|.| |.....)...| ---.--- |-..--|.|--........-- |...| |...| |.--....*...)| ---.--- -----..-- |.....-----.---|.).| |......| |....-- |...--.--- |...--.| |...-- ---...(| --..||.|---...| ---....| ----|.|-.....| |......| |.|......-- --......| |.|-......| ---......-- ---.||......| |........| |...|--.--.-- |.......-- |..-- ------ --------- ---- Russo the Excursionist Experience level: 8 Strength: 11 Dexterity: 10 Constitution: 18 Intelligence: 12 Wisdom: 15 Charisma: 14 Health: 0(72) Energy: 39(39) Def: 9 Gold: 338 Moves: 11786 Dungeon seed: KkA5olmgIErDdGLq Game ID: Russo_1430811417 Your Inventory: Coins $ - 338 gold pieces Amulets g - an uncursed amulet of unchanging V - a cursed amulet of strangulation Weapons a - 49 +2 darts (in quiver) t - 38 +0 darts M - the blessed rustproof +1 Giantslayer (weapon in hand) Q - a blessed +2 elven dagger Armor e - a blessed +0 Hawaiian shirt (being worn) q - an uncursed +0 pair of kicking boots r - an uncursed +0 dwarvish mithril-coat (being worn) y - an uncursed rusty +1 orcish helm (being worn) z - an uncursed +0 pair of water walking boots N - an uncursed +0 pair of elven boots (being worn) Y - a blessed +1 dwarvish cloak (being worn) Comestibles K - an uncursed fortune cookie Scrolls j - 2 uncursed scrolls of magic mapping k - 2 blessed scrolls of magic mapping s - 2 uncursed scrolls of confuse monster A - an uncursed scroll of enchant weapon D - an uncursed scroll of remove curse E - a blessed scroll of create monster Z - 2 uncursed scrolls of blank paper Potions i - an uncursed potion of paralysis G - 3 uncursed potions of speed J - a potion of holy water P - a blessed potion of healing W - an uncursed potion of oil X - an uncursed potion of hallucination Rings C - a cursed ring of aggravate monster T - a cursed ring of cold resistance Wands b - a wand of striking (0:2) u - a wand of probing (0:3) O - a wand of secret door detection (0:13) Tools h - an uncursed magic lamp (lit) l - an expensive camera (0:60) m - an uncursed credit card n - an uncursed towel F - 8 uncursed tallow candles (0:200) H - an uncursed magic lamp U - an uncursed magic whistle Gems f - an uncursed luckstone Spells known in the end: Name Level Category Fail Memory Your skills at the end: Fighting Skills Weapon Skills dagger [Basic] long sword [Basic] dart [Skilled] Spellcasting Skills Final Attributes: You were fervently aligned. You were cold resistant. You were telepathic. You were stealthy. You were lucky. You had extra luck. Bad luck did not time out for you. Good luck did not time out for you. You are dead. Vanquished creatures: a giant mimic 2 winter wolves 3 dwarf kings a winter wolf cub 3 gnome kings an orc mummy a brown pudding a gold golem a dust vortex a snake a human zombie a rope golem 10 Uruk-hai a fog cloud a yellow light a shrieker a violet fungus 8 gnome lords 3 gnomish wizards a kobold mummy a paper golem 3 floating eyes 9 dwarves 2 homunculi 3 kobold lords a rabid rat a centipede a giant bat 3 monkeys 2 orc zombies 2 dwarf zombies 2 wererats 4 iguanas an acid blob 2 coyotes 2 gas spores 2 hobbits 2 large kobolds 3 hobgoblins 3 giant rats 4 cave spiders a brown mold 4 yellow molds 2 red molds 38 gnomes 2 garter snakes a gnome zombie 9 geckos 14 jackals 2 kobolds 8 goblins 15 grid bugs a bat 8 lichens 14 newts 215 creatures vanquished. Voluntary challenges: You used a wielded weapon 357 times, starting on turn 261. You read items or engraved 2 times, starting on turn 1527. You never genocided any monsters. You never polymorphed an object. You never changed form. You used no wishes. You never split a pudding. You never wrote Elbereth's name. You violated your moral code, losing 3 points of alignment, starting on turn 4365. You abstained from Elbereth's help. Dungeon overview: The Dungeons of Doom: levels 1 to 3 Level 1 an altar to The Lady a long staircase Level 2 some fountains Level 3 stairs to The Gnomish Mines The Gnomish Mines: levels 4 to 8 Level 4 stairs to The Dungeons of Doom Level 5 Level 6 Level 7 some shops, a temple to Offler , some fountains, a sink Level 8 <- You were here History has recorded: On T:1 you entered the Dungeons of Doom to retrieve the Amulet of Yendor! On T:324 you advanced to experience level 2. On T:538 you reached level 2 of The Dungeons of Doom. On T:939 you reached level 3 of The Dungeons of Doom. On T:975 you advanced to experience level 3. On T:1432 you advanced to experience level 4. On T:5150 you advanced to experience level 5. On T:7719 you reached level 1 of The Gnomish Mines. On T:7820 you advanced to experience level 6. On T:8690 you reached level 2 of The Gnomish Mines. On T:9003 you received Giantslayer from The Lady. On T:9310 you advanced to experience level 7. On T:9518 you reached level 3 of The Gnomish Mines. On T:10034 you reached level 4 of The Gnomish Mines. On T:10223 you advanced to experience level 8. On T:11543 you reached level 5 of The Gnomish Mines. Score breakdown: Gold: 0 ( 0 points) Experience: 8 levels (14739 points) Exploration: 8 levels ( 15.09%) (11006 points) Discoveries: 9 items ( 3.01%) ( 5204 points) Valuables value: (no points given unless you survive) Artifact value: 200 ( 7834 points) Variety of kills: 55 monsters ( 14.51%) (11428 points) Time penalty: 11786 turns (-2621 points) Survival: died (score multiplied by 80%) Total score: 38072 Latest messages: A lamp lands on the altar. A gray stone lands on the altar. a - a +2 dart (in quiver). There are a few more objects here. The white unicorn butts! The white unicorn misses. The white unicorn butts! You die... Final status: Aloha Russo the Tourist, killed by a white unicorn... You died in The Gnomish Mines on dungeon level 8 with 38072 points, and 338 pieces of gold, after 11786 moves. You were level 8 with a maximum of 72 hit points when you died.